DSL
DSL ARIZONA DIAMONDBACKS @ DSL TAMPA BAY RAYS
07/08/2041
 
TOP OF THE 1ST
DSL Arizona Diamondbacks batting - Pitching for DSL Tampa Bay Rays : RHP David Morales
Pitching: RHP David Morales
Batting: RHB Tim Gordon 0-0: Ball
1-0: Ball
2-0: Swinging Strike
2-1: Ball
3-1: Called Strike
3-2: Foul Ball, location: 25FF
3-2: Base on Balls
Batting: RHB Sean Mitchell 0-0: Ball
1-0: Bunted foul
1-1: Bunt - Flyout to 13S! F1
Batting: RHB Xavier Gómez 0-0: Called Strike
0-1: Called Strike
0-2: Ball
1-2: Ball
Tim Gordon steals 2nd base (no throw)
2-2: Strikes out swinging
Batting: RHB Qabil Makaev 0-0: Foul Ball, location: 9LSF
0-1: Foul Ball, location: 9LSF
0-2: Strikes out looking
Top of the 1st over - 0 runs, 0 hits, 0 errors, 1 left on base; DSL Arizona 0 - DSL Tampa Bay 0
BOTTOM OF THE 1ST
DSL Tampa Bay Rays batting - Pitching for DSL Arizona Diamondbacks : LHP Danny King
Pitching: LHP Danny King
Batting: RHB Juan Valverde 0-0: Ball
1-0: SINGLE (Line Drive, 6D, EV 96.3 MPH)
Batting: RHB Dan Frank 0-0: Ball
1-0: Ball
2-0: Ball
3-0: Swinging Strike
3-1: Base on Balls
Juan Valverde to second
Batting: LHB Juan Orozco 0-0: Ball
1-0: Swinging Strike
1-1: Ball
2-1: Foul Ball, location: 3DF
2-2: Ball
3-2: Foul Ball, location: 7LMF
3-2: Base on Balls
Juan Valverde to third
Dan Frank to second
Batting: SHB Víctor Zumaya 0-0: Ball
1-0: Foul Ball, location: 9LSF
1-1: Fly out, F9 (Flyball, 89D, EV 90.6 MPH)
Runner from 3rd tags up, SCORES, no throw by RF
Batting: RHB Juan León 0-0: Ball
1-0: Foul Ball, location: 23FF
1-1: Ball
2-1: Ball
3-1: Grounds into double play, 6-4-3 (Groundball, 6, EV 85.6 MPH)
Bottom of the 1st over - 1 run, 1 hit, 0 errors, 1 left on base; DSL Arizona 0 - DSL Tampa Bay 1
TOP OF THE 2ND
DSL Arizona Diamondbacks batting - Pitching for DSL Tampa Bay Rays : RHP David Morales
Batting: LHB Ed House 0-0: Called Strike
0-1: Foul Ball, location: 2F
0-2: Ball
1-2: Hit by Pitch
Batting: RHB Jesús Correa 0-0: Swinging Strike
0-1: Called Strike
0-2: Ball
1-2: Ball
2-2: Ball
3-2: Fly out, F7 (Flyball, 8LD, EV 93.1 MPH)
Batting: RHB Sergio Rodríguez 0-0: Fielders Choice at 2nd, 4-6 (Groundball, 4, EV 103.1 MPH)
Batting: LHB David Warmisch 0-0: Ball
Sergio Rodríguez steals 2nd base
1-0: Ball
2-0: Swinging Strike
2-1: Called Strike
2-2: Ball
3-2: Strikes out swinging
Top of the 2nd over - 0 runs, 0 hits, 0 errors, 1 left on base; DSL Arizona 0 - DSL Tampa Bay 1
BOTTOM OF THE 2ND
DSL Tampa Bay Rays batting - Pitching for DSL Arizona Diamondbacks : LHP Danny King
Batting: RHB Pepe Ortíz 0-0: Called Strike
0-1: Swinging Strike
0-2: Ball
1-2: Ball
2-2: Strikes out swinging
Batting: RHB Alfredo Rosa 0-0: Called Strike
0-1: Swinging Strike
0-2: Strikes out looking
Batting: LHB Octávio Rodríguez 0-0: Ball
1-0: Ball
2-0: Called Strike
2-1: Ball
3-1: Foul Ball, location: 5F
3-2: Base on Balls
Batting: RHB Héctor Mercado 0-0: Ball
1-0: Called Strike
1-1: Ball
Octávio Rodríguez is caught stealing 2nd base 2-4
Bottom of the 2nd over - 0 runs, 0 hits, 0 errors, 0 left on base; DSL Arizona 0 - DSL Tampa Bay 1
TOP OF THE 3RD
DSL Arizona Diamondbacks batting - Pitching for DSL Tampa Bay Rays : RHP David Morales
Batting: RHB Norberto Vega 0-0: Ball
1-0: Ball
2-0: Ball
3-0: Base on Balls
Batting: RHB Tim Gordon 0-0: Foul Ball, location: 7LDF
0-1: Called Strike
0-2: Foul Ball, location: 9LDF
0-2: Foul Ball, location: 9LSF
0-2: Foul Ball, location: 9LMF
0-2: Ball
1-2: 2-RUN HOME RUN (Line Drive, 78XD, EV 102.5 MPH), Distance : 407 ft
Batting: RHB Sean Mitchell 0-0: Called Strike
0-1: DOUBLE (Flyball, 8RXD, EV 93.8 MPH)
Batting: RHB Xavier Gómez 0-0: Ball
1-0: Ball
2-0: Ball
3-0: Swinging Strike
3-1: Called Strike
3-2: Strikes out looking
Batting: RHB Qabil Makaev 0-0: Called Strike
0-1: Foul Ball, location: 9LDF
0-2: Foul Ball, location: 2F
0-2: Ball
1-2: Ball
2-2: Foul Ball, location: 25FF
2-2: Strikes out swinging
Batting: LHB Ed House 0-0: Ball
1-0: Foul Ball, location: 7LDF
1-1: DOUBLE (Line Drive, 89M, EV 106.9 MPH)
Sean Mitchell scores
Batting: RHB Jesús Correa 0-0: Ball
1-0: Foul Ball, location: 9LDF
1-1: Foul Ball, location: 2F
1-2: Ball
2-2: Foul Ball, location: 9LDF
2-2: Ball
3-2: Foul Ball, location: 9LSF
3-2: Base on Balls
Batting: RHB Sergio Rodríguez 0-0: Ball
1-0: Foul Ball, location: 3F
1-1: Swinging Strike
1-2: Ball
2-2: Strikes out swinging
Top of the 3rd over - 3 runs, 3 hits, 0 errors, 2 left on base; DSL Arizona 3 - DSL Tampa Bay 1
BOTTOM OF THE 3RD
DSL Tampa Bay Rays batting - Pitching for DSL Arizona Diamondbacks : LHP Danny King
Batting: RHB Héctor Mercado 0-0: Ball
1-0: Ball
2-0: Fly out, F9 (Flyball, 9LS, EV 85.0 MPH)
Batting: RHB Juan Valverde 0-0: Ball
1-0: Ball
2-0: Ball
3-0: Called Strike
3-1: Base on Balls
Batting: RHB Dan Frank 0-0: Called Strike
0-1: Fly out, F8 (Line Drive, 8LM, EV 91.9 MPH)
Batting: LHB Juan Orozco 0-0: Ball
1-0: Ball
2-0: Called Strike
2-1: Swinging Strike
2-2: Strikes out looking
Bottom of the 3rd over - 0 runs, 0 hits, 0 errors, 1 left on base; DSL Arizona 3 - DSL Tampa Bay 1
TOP OF THE 4TH
DSL Arizona Diamondbacks batting - Pitching for DSL Tampa Bay Rays : RHP David Morales
Batting: LHB David Warmisch 0-0: Ball
1-0: Ball
2-0: SINGLE (Line Drive, 8RS, EV 101.9 MPH)
Batting: RHB Norberto Vega 0-0: Ball
1-0: Fly out, F9 (Flyball, 89M, EV 90.6 MPH)
Batting: RHB Tim Gordon 0-0: Ball
1-0: Called Strike
David Warmisch is caught stealing 2nd base 2-4
1-1: SOLO HOME RUN (Flyball, 7D, EV 99.4 MPH), Distance : 398 ft
Batting: RHB Sean Mitchell 0-0: Fly out, F3 (Line Drive, 3, EV 73.8 MPH)
Top of the 4th over - 1 run, 2 hits, 0 errors, 0 left on base; DSL Arizona 4 - DSL Tampa Bay 1
BOTTOM OF THE 4TH
DSL Tampa Bay Rays batting - Pitching for DSL Arizona Diamondbacks : LHP Danny King
Batting: SHB Víctor Zumaya 0-0: Called Strike
0-1: Foul Ball, location: 9LDF
0-2: Ball
1-2: Ball
2-2: Strikes out looking
Batting: RHB Juan León 0-0: Ball
1-0: Foul Ball, location: 9LMF
1-1: Ball
2-1: Ball
3-1: Base on Balls
Batting: RHB Pepe Ortíz 0-0: Called Strike
0-1: Foul Ball, location: 23FF
0-2: Ball
1-2: Ball
2-2: Ball
3-2: Strikes out swinging
Batting: RHB Alfredo Rosa 0-0: Called Strike
0-1: Ground out 4-3 (Groundball, 13, EV 91.3 MPH)
Bottom of the 4th over - 0 runs, 0 hits, 0 errors, 1 left on base; DSL Arizona 4 - DSL Tampa Bay 1
TOP OF THE 5TH
DSL Arizona Diamondbacks batting - Pitching for DSL Tampa Bay Rays : RHP David Morales
Batting: RHB Xavier Gómez 0-0: Ball
1-0: Called Strike
1-1: Ball
2-1: Fly out, F7 (Flyball, 78M, EV 86.9 MPH)
Batting: RHB Qabil Makaev 0-0: Foul Ball, location: 2F
0-1: Foul Ball, location: 9LMF
0-2: Ball
1-2: Strikes out looking
Batting: LHB Ed House 0-0: Ball
1-0: Called Strike
1-1: Ball
2-1: Ball
3-1: Base on Balls
Pitching: RHP Jorge Trujillo
Batting: RHB Jesús Correa 0-0: Ball
1-0: Ball
2-0: Foul Ball, location: 5FF
2-1: 2-RUN HOME RUN (Flyball, 7D, EV 103.8 MPH), Distance : 386 ft
Batting: RHB Sergio Rodríguez 0-0: Swinging Strike
0-1: Ball
1-1: Ball
2-1: Ball
3-1: Base on Balls
Batting: LHB David Warmisch 0-0: Called Strike
Sergio Rodríguez steals 2nd base
0-1: SINGLE (Line Drive, 89S, EV 90.0 MPH)
Sergio Rodríguez to third
Batting: RHB Norberto Vega 0-0: Foul Ball, location: 5F
0-1: Called Strike
0-2: Strikes out swinging
Top of the 5th over - 2 runs, 2 hits, 0 errors, 2 left on base; DSL Arizona 6 - DSL Tampa Bay 1
BOTTOM OF THE 5TH
DSL Tampa Bay Rays batting - Pitching for DSL Arizona Diamondbacks : LHP Danny King
Batting: LHB Octávio Rodríguez 0-0: Ball
1-0: Ball
2-0: Called Strike
2-1: Swinging Strike
2-2: Foul Ball, location: 3SF
2-2: Strikes out looking
Batting: RHB Héctor Mercado 0-0: Fly out, F9 (Flyball, 9D, EV 111.3 MPH)
Batting: RHB Juan Valverde 0-0: Ball
1-0: Called Strike
1-1: Ball
2-1: Ground out 6-3 (Groundball, 6D, EV 105.6 MPH)
Bottom of the 5th over - 0 runs, 0 hits, 0 errors, 0 left on base; DSL Arizona 6 - DSL Tampa Bay 1
TOP OF THE 6TH
DSL Arizona Diamondbacks batting - Pitching for DSL Tampa Bay Rays : RHP Jorge Trujillo
Batting: RHB Tim Gordon 0-0: Called Strike
0-1: Foul Ball, location: 3SF
0-2: Ball
1-2: Ball
2-2: Hit by Pitch
Batting: RHB Sean Mitchell 0-0: Called Strike
0-1: Ball
1-1: Called Strike
1-2: Strikes out swinging
Batting: RHB Xavier Gómez 0-0: Called Strike
Tim Gordon steals 2nd base
0-1: Ball
Tim Gordon steals 3rd base
1-1: Ball
2-1: Foul Ball, location: 3FF
2-2: 2-RUN HOME RUN (Flyball, 7D, EV 98.1 MPH), Distance : 403 ft
Batting: RHB Qabil Makaev 0-0: Ball
1-0: Swinging Strike
1-1: Swinging Strike
1-2: Foul Ball, location: 9LSF
1-2: Strikes out swinging
Batting: LHB Ed House 0-0: Ball
1-0: Ball
2-0: Ball
3-0: Called Strike
3-1: Called Strike
3-2: Base on Balls
Batting: RHB Jesús Correa 0-0: Ball
1-0: Foul Ball, location: 2F
1-1: Fly out, F8 (Flyball, 8LD, EV 91.9 MPH)
Top of the 6th over - 2 runs, 1 hit, 0 errors, 1 left on base; DSL Arizona 8 - DSL Tampa Bay 1
BOTTOM OF THE 6TH
DSL Tampa Bay Rays batting - Pitching for DSL Arizona Diamondbacks : LHP Danny King
Batting: RHB Dan Frank 0-0: Called Strike
0-1: Ball
1-1: Swinging Strike
1-2: Fly out, F7 (Flyball, 7, EV 96.9 MPH)
Batting: LHB Juan Orozco 0-0: Called Strike
0-1: SINGLE (Groundball, 6D, EV 106.3 MPH) (infield hit)
Batting: SHB Víctor Zumaya 0-0: Ball
Juan Orozco steals 2nd base (no throw)
1-0: 2-RUN HOME RUN (Flyball, 8RXD, EV 111.3 MPH), Distance : 432 ft
Batting: RHB Juan León 0-0: Ball
1-0: Foul Ball, location: 2F
1-1: Ball
2-1: Foul Ball, location: 2F
2-2: Strikes out swinging
Batting: RHB Pepe Ortíz 0-0: Ball
1-0: Foul Ball, location: 9LDF
1-1: Ball
2-1: Ball
3-1: Swinging Strike
3-2: Base on Balls
Batting: RHB Alfredo Rosa 0-0: Ball
1-0: Called Strike
Pepe Ortíz steals 2nd base
1-1: Foul Ball, location: 23F
1-2: SINGLE (Line Drive, 89M, EV 99.4 MPH)
Pepe Ortíz to third
Runner from 3rd tries for Home, throw by CF and OUT! 8-2
Bottom of the 6th over - 2 runs, 3 hits, 0 errors, 1 left on base; DSL Arizona 8 - DSL Tampa Bay 3
TOP OF THE 7TH
DSL Arizona Diamondbacks batting - Pitching for DSL Tampa Bay Rays : RHP Jorge Trujillo
Pitching: RHP Arturo Vázquez
Batting: RHB Sergio Rodríguez 0-0: Ball
1-0: Ground out 4-3 (Groundball, 4, EV 83.8 MPH)
Batting: LHB David Warmisch 0-0: Ball
1-0: Foul Ball, location: 3F
1-1: Ball
2-1: Called Strike
2-2: Ball
3-2: Strikes out swinging
Batting: RHB Norberto Vega 0-0: Ball
1-0: Ball
2-0: Foul Ball, location: 3F
2-1: Foul Ball, location: 2F
2-2: Ball
3-2: Base on Balls
Batting: RHB Tim Gordon 0-0: Ball
1-0: Ball
Norberto Vega steals 2nd base
2-0: 2-RUN HOME RUN (Line Drive, 7D, EV 105.0 MPH), Distance : 421 ft
Batting: RHB Sean Mitchell 0-0: SOLO HOME RUN (Flyball, 9LD, EV 97.5 MPH), Distance : 373 ft
Pinch Hitting: RHB Jorge López 0-0: Ball
1-0: Ball
2-0: Called Strike
2-1: Ball
3-1: Foul Ball, location: 5SF
3-2: Strikes out looking
Top of the 7th over - 3 runs, 2 hits, 0 errors, 0 left on base; DSL Arizona 11 - DSL Tampa Bay 3
BOTTOM OF THE 7TH
DSL Tampa Bay Rays batting - Pitching for DSL Arizona Diamondbacks : LHP Danny King
Pitching: LHP Tim Hunter
Now at 1B: Jeff Loughens
Batting: LHB Octávio Rodríguez 0-0: Ball
1-0: Fly out, F8 (Flyball, 78D, EV 93.8 MPH)
Batting: RHB Héctor Mercado 0-0: Foul Ball, location: 2F
0-1: Ball
1-1: Ball
2-1: Ball
3-1: Base on Balls
Pinch Hitting: LHB Alfredo Pérez 0-0: Ball
1-0: Foul Ball, location: 3F
1-1: Ball
2-1: Foul Ball, location: 2F
2-2: Foul Ball, location: 2RF
2-2: Strikes out looking
Batting: RHB Dan Frank 0-0: Called Strike
0-1: Ground out 3-1 (Groundball, 34, EV 77.5 MPH)
Bottom of the 7th over - 0 runs, 0 hits, 0 errors, 1 left on base; DSL Arizona 11 - DSL Tampa Bay 3
TOP OF THE 8TH
DSL Arizona Diamondbacks batting - Pitching for DSL Tampa Bay Rays : RHP Arturo Vázquez
Now in LF: Alfredo Pérez
Now in RF: Octávio Rodríguez
Pinch Hitting: RHB Juan Salinas 0-0: Called Strike
0-1: Ball
1-1: Ball
2-1: Swinging Strike
2-2: Strikes out swinging
Batting: LHB Ed House 0-0: Ball
1-0: Ball
2-0: Swinging Strike
2-1: Ball
3-1: Base on Balls
Pinch Hitting: RHB Mario Martínez 0-0: Ball
1-0: Ball
2-0: Hit by Pitch
Ed House to second
Pinch Hitting: LHB Greg Allen 0-0: Called Strike
0-1: Ball
1-1: Called Strike
1-2: Ball
2-2: Hit by Pitch
Ed House to third
Mario Martínez to second
Batting: LHB David Warmisch 0-0: Called Strike
0-1: Ball
1-1: Grounds into fielders choice 4-2 (Groundball, 34D, EV 96.3 MPH)
Mario Martínez to third
Greg Allen to second
Pinch Hitting: SHB Wilson Estrada 0-0: Ball
1-0: Foul Ball, location: 7LSF
1-1: Foul Ball, location: 23FF
1-2: Ball
Wild Pitch!
Mario Martínez scores
Greg Allen to third
David Warmisch to second
2-2: Foul Ball, location: 7LSF
2-2: Foul Ball, location: 2F
2-2: Ball
3-2: Foul Ball, location: 2F
3-2: 3-RUN HOME RUN (Flyball, 9D, EV 103.1 MPH), Distance : 407 ft
Pitching: RHP Jim Unknown
Pinch Hitting: RHB Jesús Durán 0-0: Ball
1-0: Ball
2-0: Ball
3-0: Base on Balls
Pinch Hitting: SHB Josh Hoover 0-0: Foul Ball, location: 3SF
0-1: Called Strike
0-2: Ball
1-2: Strikes out swinging
Top of the 8th over - 4 runs, 1 hit, 0 errors, 1 left on base; DSL Arizona 15 - DSL Tampa Bay 3
BOTTOM OF THE 8TH
DSL Tampa Bay Rays batting - Pitching for DSL Arizona Diamondbacks : LHP Tim Hunter
Now at 1B: Wilson Estrada
Now at 2B: Leo Hamilton
Now at 3B: Juan Salinas
Now at SS: Mario Martínez
Now in LF: Jeff Loughens
Now in CF: Jesús Durán
Now in RF: Greg Allen
Batting: LHB Juan Orozco 0-0: Foul Ball, location: 2LF
0-1: Foul Ball, location: 7LSF
0-2: Ball
1-2: Strikes out swinging
Batting: SHB Víctor Zumaya 0-0: Foul Ball, location: 5FF
0-1: Called Strike
0-2: Ball
1-2: Strikes out swinging
Batting: RHB Juan León 0-0: Ball
1-0: Ball
2-0: Ball
3-0: Called Strike
3-1: DOUBLE (Line Drive, 7LD, EV 110.6 MPH)
Batting: RHB Pepe Ortíz 0-0: Ball
1-0: Called Strike
1-1: Foul Ball, location: 9LSF
1-2: Ground out 6-3 (Groundball, 6, EV 88.1 MPH)
Bottom of the 8th over - 0 runs, 1 hit, 0 errors, 1 left on base; DSL Arizona 15 - DSL Tampa Bay 3
TOP OF THE 9TH
DSL Arizona Diamondbacks batting - Pitching for DSL Tampa Bay Rays : RHP Jim Unknown
Pinch Hitting: RHB Chris Hull 0-0: Called Strike
0-1: Ball
1-1: Foul Ball, location: 2F
1-2: Strikes out swinging
Batting: RHB Juan Salinas 0-0: Swinging Strike
0-1: Foul Ball, location: 3F
0-2: Ball
1-2: Ball
2-2: SINGLE (Flyball, 8RS, EV 98.8 MPH)
Pinch Hitting: RHB Jesús Bonilla 0-0: Ball
1-0: SINGLE (Groundball, P, EV 88.8 MPH) (infield hit)
Juan Salinas to second
Pinch Hitting: LHB Alan Gordon 0-0: Ball
1-0: Called Strike
1-1: Fielders Choice at 2nd, 4-6 (Groundball, 4, EV 86.9 MPH)
Juan Salinas to third
Batting: LHB Greg Allen 0-0: Called Strike
0-1: Swinging Strike
0-2: Ball
1-2: Ball
2-2: Strikes out swinging
Top of the 9th over - 0 runs, 2 hits, 0 errors, 2 left on base; DSL Arizona 15 - DSL Tampa Bay 3
BOTTOM OF THE 9TH
DSL Tampa Bay Rays batting - Pitching for DSL Arizona Diamondbacks : LHP Tim Hunter
Now at C: Jesús Bonilla
Now at SS: Mauro Hernández
Now in LF: Alan Gordon
Batting: RHB Alfredo Rosa 0-0: Called Strike
0-1: Called Strike
0-2: Ball
1-2: Ball
2-2: Foul Ball, location: 2F
2-2: Ground out 4-3 (Groundball, 4, EV 83.8 MPH)
Pinch Hitting: RHB Manny Luna 0-0: Ball
1-0: Foul Ball, location: 2F
1-1: Swinging Strike
1-2: Ball
2-2: Ball
3-2: Base on Balls
Pinch Hitting: LHB Norberto Burgos 0-0: Called Strike
0-1: Foul Ball, location: 3F
0-2: Fielders Choice at 2nd, 1-6 (Groundball, P, EV 70.0 MPH)
Batting: LHB Alfredo Pérez 0-0: Called Strike
0-1: Ball
1-1: Swinging Strike
1-2: Ball
2-2: Ball
3-2: Strikes out looking
Bottom of the 9th over - 0 runs, 0 hits, 0 errors, 1 left on base; DSL Arizona 15 - DSL Tampa Bay 3
Wednesday, April 3rd , 2024 - OOTP Baseball 24.10 Build 82